 Dungeon Crawl Stone Soup version 0.16.1-51-g6203257 (webtiles) character file.

46 Enish the Sneak (level 3, -2/27 HPs)
             Began as a Vampire Assassin on Aug 9, 2015.
             Was an Initiate of Dithmenos.
             Killed from afar by an orc wizard (8 damage)
             ... with a puff of flame
             ... on level 3 of the Dungeon.
             The game lasted 00:04:13 (1719 turns).

Enish the Sneak (Vampire Assassin)                  Turns: 1719, Time: 00:04:13

Health: -2/27      AC:  3    Str: 10    XL:     3   Next: 46%
Magic:  3/3        EV: 17    Int: 13    God:    Dithmenos [......]
Gold:   61         SH:  0    Dex: 21    Spells: 0 memorised, 2 levels left

rFire  . . .     SeeInvis +     a - +2 dagger
rCold  . . .     Clarity  .     c - +0 robe
rNeg   + . .     SustAb   .     (no shield)
rPois  .         Gourm    .     (no helmet)
rElec  .         Spirit   .     d - +0 cloak
rCorr  .         Warding  .     (no gloves)
rMut   .         Stasis   .     (no boots)
MR     .....                    (no amulet)
Stlth  +++++.....               (no ring)
                                (no ring)

@: agile, flying, not resistant to hostile enchantments, quite stealthy
A: bottle blood, fangs 3, see invisible, unbreathing
a: Bat Form, Renounce Religion


You were on level 3 of the Dungeon.
You worshipped Dithmenos.
Dithmenos was noncommittal.
You were not thirsty.

You visited 1 branch of the dungeon, and saw 3 of its levels.

You collected 61 gold pieces.

Inventory:

Hand weapons
 a - a +2 dagger (weapon)
 b - a +0 hunting sling
 l - a +0 blowgun
Missiles
 e - 8 poisoned needles
 f - 2 curare-tipped needles
 k - 13 arrows of flame
 o - 18 stones (quivered)
Armour
 c - a +0 robe (worn)
 d - a +0 cloak (worn)
Magical devices
 v - a wand of digging (17)
 y - a wand of frost (33)
Scrolls
 h - a scroll of remove curse {unknown}
 i - a scroll of identify {unknown}
 m - a scroll of immolation {unknown}
 q - a scroll of amnesia {unknown}
 r - a scroll of noise {unknown}
 u - 2 scrolls of recharging {unknown}
 x - a scroll of teleportation {unknown}
Potions
 g - 2 potions of blood
 p - a potion of mutation {unknown}
 s - a potion of agility
 t - a potion of haste {unknown}
 w - a potion of curing {unknown}


   Skills:
 - Level 1.7 Fighting
 * Level 4.2 Short Blades
 - Level 1.5 Throwing
 - Level 1.1 Dodging
 * Level 5.9 Stealth
 - Level 0.2 Evocations


You had 2 spell levels left.
You didn't know any spells.

Dungeon Overview and Level Annotations

Branches:
Dungeon (3/15)

Altars:
Dithmenos
Trog


Innate Abilities, Weirdness & Mutations

You can bottle blood from corpses.
You have razor-sharp teeth.
You have supernaturally acute eyesight.
You can survive without breathing.


Message History

* * * LOW HITPOINT WARNING * * *
You hit the orc wizard.
The orc wizard is moderately wounded.
The orc wizard hits you with a dagger.
* * * LOW HITPOINT WARNING * * *
Drink which item? (? for menu, Esc to quit)
It was a potion of agility.
You feel agile all of a sudden. The orc wizard closely misses you.
The orc wizard misses you.
Drink which item? (? for menu, Esc to quit)
It was a potion of flight.
You feel very buoyant.
You fly up into the air.
The orc wizard completely misses you.
Drink which item? (? for menu, Esc to quit)
It was a potion of restore abilities.
You feel refreshed.
The orc wizard mumbles some strange words.
You feel troubled. The orc wizard casts a spell at you.
The puff of flame hits you!
You die...

#### #.. #.#
##########o###.###
.>..$.o............
#.########.###....
#.########.###.###
#...(.@o...........
##########.###.#.#
#.# #.# ..# ###


You could see an orc wizard.

Vanquished Creatures
  An adder (D:2)
  A giant gecko (D:1)
  An ooze (D:1)
  An orc (D:3)
  A ball python (D:2)
  3 giant cockroaches
  3 goblins
  4 hobgoblins
  3 jackals (D:1)
  3 kobolds (D:1)
  4 bats (D:2)
  A giant newt (D:2)
  A quokka (D:1)
  7 rats
34 creatures vanquished.

Notes
Turn   | Place    | Note
--------------------------------------------------------------
     0 | D:1      | Enish, the Vampire Assassin, began the quest for the Orb.
     0 | D:1      | Reached XP level 1. HP: 16/16 MP: 1/1
   325 | D:1      | Reached XP level 2. HP: 15/22 MP: 2/2
  1101 | D:2      | Found a bloodstained altar of Trog.
  1133 | D:2      | Reached XP level 3. HP: 20/27 MP: 3/3
  1216 | D:2      | Found a shadowy altar of Dithmenos.
  1237 | D:2      | Became a worshipper of Dithmenos the Shadowed
  1719 | D:3      | Killed from afar by an orc wizard

Action                   || total
-------------------------++-------
Melee: Dagger            ||   120
  Use: Potion            ||     3
 Stab: Sleeping          ||     9
  Eat: Corpse            ||     2
